 Dungeon Crawl Stone Soup version 0.31-a0-221-gbddc013574 (webtiles) character file.

Game seed: 5072729443813181939

784 Warped the Conjurer (level 7, -1/43 HPs)
             Began as an Octopode Conjurer on July 4, 2023.
             Slain by an ice beast (10 damage)
             ... on level 5 of the Dungeon.
             The game lasted 00:12:47 (4794 turns).

Warped the Conjurer (Octopode Conjurer)             Turns: 4794, Time: 00:12:47

Health: -1/43      AC:  1    Str:  6    XL:     7   Next: 86%
Magic:  16/23      EV: 13    Int: 22    God:
Gold:   511        SH:  0    Dex: 11    Spells: 2/15 levels left

rFire   . . .        a - +2 sling (flame)
rCold   . . .        (no shield)
rNeg    . . .        (helmet restricted)
rPois   .            (no amulet)
rElec   .            w - ring of magical power
rCorr   .            (no ring)
SInv    .            (no ring)
Will    .....        (no ring)
Stlth   ++++         (no ring)
HPRegen 0.27/turn    (no ring)
MPRegen 0.18/turn    (no ring)
                     (no ring)

%: no passive effects
@: very slightly contaminated
A: almost no armour, amphibious, 8 rings, camouflage 1, gelatinous body 1,
(nimble swimmer 1), tentacles
a: no special abilities


You were on level 5 of the Dungeon.
You visited 2 branches of the dungeon, and saw 6 of its levels.
You also visited: Ossuary.

You collected 511 gold pieces.

Inventory:

Hand Weapons
 a - a +2 sling of flaming (weapon)
 b - a +0 short sword
 d - a +0 hand axe
 h - a +0 falchion
 x - a +2 mace of draining
 y - a +2 flail of holy wrath
 C - the +6 rapier "Dragonslayer" {holy, rElec Str+2 Int-4}
   (You found it on level 5 of the Dungeon)

   Str:       It affects your strength (+2).
   Int:       It affects your intelligence (-4).
   rElec:     It insulates you from electricity.
 D - a +0 demon trident of electrocution
Missiles
 l - 31 stones
 s - 19 poisoned darts
 t - 2 javelins
Jewellery
 p - a ring of fire
 r - a ring of fire
 w - a ring of magical power (left tentacle)
 I - a ring of ice
Scrolls
 c - 3 scrolls of fog
 f - a scroll of revelation
 g - 3 scrolls of teleportation {unknown}
 k - 4 scrolls of identify {unknown}
 m - a scroll of noise {unknown}
 o - a scroll of blinking {unknown}
 u - a scroll of torment {unknown}
 v - 3 scrolls of brand weapon {unknown}
 z - a scroll of silence {unknown}
 A - a scroll of vulnerability {unknown}
 F - a scroll of enchant weapon {unknown}
 H - 2 scrolls of summoning {unknown}
Potions
 e - 2 potions of magic
 i - 2 potions of curing
 j - 3 potions of degeneration {unknown}
 n - 2 potions of heal wounds
 q - a potion of might {unknown}
 B - 2 potions of mutation {unknown}
 E - a potion of cancellation {unknown}
 G - a potion of attraction {unknown}


   Skills:
 + Level 1.2 Fighting
 + Level 2.1 Ranged Weapons
 - Level 2.0 Dodging
 - Level 5.2 Stealth
 * Level 4.7 Spellcasting
 * Level 6.3 Conjurations
 + Level 2.0 Summonings
 + Level 0.1 Translocations


You had 2 spell levels left.
You knew the following spells:

 Your Spells              Type           Power      Damage    Failure   Level
a - Magic Dart            Conj           100%       1d8       1%          1
b - Searing Ray           Conj           66%        2d6       1%          2
c - Dazzling Flash        Conj/Hex       38%        N/A       9%          3
d - Call Canine Familiar  Summ           14%        N/A       14%         3
e - Iskenderun's Mystic   Conj/Tloc      19%        2d6       26%         4

Your spell library contained the following spells:

 Spells                   Type           Power      Damage    Failure   Level
 Fulminant Prism          Conj/Hex       9%         3d7       28%         4
 Portal Projectile        Hex/Tloc       10%        N/A       30%         3
 Leda's Liquefaction      Hex/Erth       2%         N/A       71%         4


Dungeon Overview and Level Annotations

Branches:
Dungeon (5/15)             Temple (1/1) D:5         Ossuary (visited)

Altars:
Ashenzari
Dithmenos
Elyvilon
Fedhas
Gozag
Hepliaklqana
Kikubaaqudgha
Makhleb
Nemelex Xobeh
Okawaru
Ru
Sif Muna
Uskayaw
Wu Jian
Zin
The Shining One


Innate Abilities, Weirdness & Mutations

You cannot wear most types of armour.
You are amphibious.
You can wear up to eight rings at the same time.
Your skin changes colour to match your surroundings (Stealth+).
Your rubbery body absorbs attacks. (AC +1, EV +1)
((You are camouflaged when in or above water. (Stealth+)))
You have tentacles for arms and can constrict up to eight enemies at once.


Message History

The nameless horror barely misses you. The nameless horror hits you.
You feel your power leaking away.
Fire: a) +2 sling (flame)
Press: ? - help, Q - select action, (/) - cycle Shift-Dir - straight line, f/p - ice beast
Aim: an ice beast (severely wounded, 56% to hit)
You shoot a sling bullet.
The sling bullet barely misses the ice beast.
The sling bullet barely misses the nameless horror.
The ice beast completely misses you.
Fire: a) +2 sling (flame)
Press: ? - help, Q - select action, (/) - cycle Shift-Dir - straight line, f/p - ice beast
Aim: an ice beast (severely wounded, 56% to hit)
You shoot a sling bullet.
The sling bullet barely misses the ice beast.
The sling bullet hits the nameless horror!
The sling bullet burns the nameless horror.
The nameless horror is severely damaged.
The ice beast hits you. The ice beast freezes you!
* * * LOW HITPOINT WARNING * * *
Fire: a) +2 sling (flame)
Press: ? - help, Q - select action, (/) - cycle Shift-Dir - straight line, f/p - ice beast
Aim: an ice beast (severely wounded, 56% to hit)
You shoot a sling bullet.
The sling bullet closely misses the ice beast.
The sling bullet hits the nameless horror.
The sling bullet burns the nameless horror.
The nameless horror is almost destroyed.
The ice beast barely misses you.
Fire: a) +2 sling (flame)
Press: ? - help, Q - select action, (/) - cycle Shift-Dir - straight line, f/p - ice beast
Aim: an ice beast (severely wounded, 56% to hit)
You shoot a sling bullet.
The sling bullet closely misses the ice beast.
The sling bullet hits the nameless horror but does no damage.
The nameless horror is almost destroyed.
The ice beast hits you.
* * * LOW HITPOINT WARNING * * *
The ice beast freezes you!
You die...

,,,,****,*##..#........##.###.###
**,,*,**,.#..,......##........#
,,,,,*,,,.....##.#..#####.#####
,*,,*,,,,*,#.......<#####.#
,*,,***,**,#)###.##.......#
,,,,**,,,,,*,* #.##########
,*****,,****,* #.# ,* ***,,****,*
#.# ** *,,,,,,,,,* #@#
*,,,,,****###Y### *,,,,,* #..X..#
*,,,,,* #.....# *,,,,,* #..#..#
******* #.....# ** *** #.....# ,*
**,** ###.### ,* **,*,** #.*


You could see a nameless horror and an ice beast.

Vanquished Creatures
  A centaur (D:5)
  A phantom (D:5)
  A kobold brigand (D:4)
  A howler monkey (D:4)
  3 orc priests
  2 jellies
  2 orc wizards
  6 mummies (Ossuary)
  3 adders
  An ufetubus (D:4)
  4 worms
  3 dart slugs
  13 orcs
  6 endoplasms
  3 giant cockroaches
  4 goblins
  4 hobgoblins
  10 jackals
  8 kobolds
  4 quokkas
  6 ball pythons
  4 bats
  2 frilled lizards
  2 gnoll zombies (Ossuary)
  A hobgoblin zombie (Ossuary)
  A jackal zombie (D:5)
  A kobold zombie (Ossuary)
  3 orc zombies
  6 rats
106 creatures vanquished.

Vanquished Creatures (collateral kills)
  A phantom (D:4)
  2 mummies (Ossuary)
  2 hobgoblin zombies (Ossuary)
5 creatures vanquished.

Grand Total: 111 creatures vanquished

Notes
Turn   | Place    | Note
-------+----------+-------------------------------------------
     0 | D:1      | Warped the Octopode Conjurer began the quest for the Orb.
     0 | D:1      | Reached XP level 1. HP: 11/11 MP: 3/3
   117 | D:1      | Reached XP level 2. HP: 7/17 MP: 0/5
   490 | D:1      | Learned a level 2 spell: Searing Ray
   657 | D:1      | Reached XP level 3. HP: 7/22 MP: 0/6
  1953 | D:3      | Reached skill level 1 in Fighting
  1992 | D:3      | Found an ancient bone altar of Kikubaaqudgha.
  2100 | D:2      | Found an opulent altar of Gozag.
  2196 | D:3      | Reached XP level 4. HP: 23/28 MP: 8/8
  2266 | D:3      | Learned a level 3 spell: Dazzling Flash
  2269 | D:3      | Found an iron altar of Okawaru.
  2301 | D:3      | Noticed a +0 dagger
  2302 | D:3      | Noticed a +0 short sword
  2355 | D:3      | Noticed a +0 short sword
  2356 | D:3      | Noticed a +0 falchion
  2358 | D:3      | Noticed a +0 spear
  2390 | D:3      | Reached XP level 5. HP: 20/33 MP: 9/9
  2455 | D:3      | Found a blossoming altar of Fedhas.
  2463 | D:3      | Reached skill level 1 in Ranged Weapons
  2469 | D:3      | Reached skill level 5 in Conjurations
  2529 | D:3      | Noticed a +0 dagger
  2531 | D:3      | Noticed a +0 falchion
  2532 | D:3      | Noticed a +0 spear
  2540 | D:3      | Found a hide-covered altar of Uskayaw.
  2889 | D:4      | Found a white marble altar of Elyvilon.
  2917 | D:4      | Noticed a kobold brigand
  2926 | D:4      | Killed a kobold brigand
  2927 | D:4      | Reached XP level 6. HP: 19/38 MP: 11/11
  3054 | D:4      | Learned a level 3 spell: Call Canine Familiar
  3231 | D:4      | Reached skill level 1 in Summonings
  3313 | D:4      | Learned a level 4 spell: Iskenderun's Mystic Blast
  3489 | D:4      | Reached XP level 7. HP: 43/43 MP: 13/13
  3917 | D:5      | Entered Level 5 of the Dungeon
  3926 | D:5      | HP: 2/43 [acid (9)]
  4204 | D:5      | Reached skill level 5 in Stealth
  4205 | D:5      | Identified the +6 rapier "Dragonslayer" {holy, rElec Str+2
                  | Int-4}
  4228 | D:5      | Reached skill level 6 in Conjurations
  4270 | D:5      | Found a sand-covered staircase.
  4271 | D:5      | Found a staircase to the Ecumenical Temple.
  4305 | Ossuary  | Entered an ossuary
  4681 | Temple   | Entered the Ecumenical Temple
  4794 | D:5      | Slain by an ice beast

Illustrated notes

Levels and vault maps discovered:
D:1:      lemuel_arrival_funnel, layout_loops_corners, minmay_misc_feat_square
D:2:      layout_basic, basic_altar, minmay_hexomino_u4
D:3:      layout_basic, fedhas_altar_2, okawaru_trees_1,
          nicolae_uskayaw_en_pointe, amcnicky_altar_gilded
D:4:      layout_loops_ring, elyvilon_altar_5
D:5:      layout_loops_cross, minmay_temple_entry_purple_smoke, enter_ossuary_3
Temple:   hellmonk_temple_rainy

Skill      XL: |  1  2  3  4  5  6  7 |
---------------+----------------------+-----
Stealth        | 3 4 5 |  5.2
Fighting       | 1 |  1.2
Spellcasting   | 3 4 |  4.7
Ranged Weapons | 1 2 |  2.1
Conjurations   | 5 6 |  6.3
Summonings     | 1 2 |  2.0
Dodging        | |  2.0
Translocations | |  0.1

Action                     |  1- 3 |  4- 6 |  7- 9 || total
---------------------------+-------+-------+-------++-------
  Melee: Unarmed           |    21 |       |       ||    21
         Tentacles         |     7 |       |       ||     7
         Constrict         |     4 |       |       ||     4
         Falchion          |     2 |       |       ||     2
   Fire: Sling             |    48 |    95 |    69 ||   212
   Cast: Magic Dart        |    43 |    13 |    12 ||    68
         Searing Ray       |     2 |    10 |     5 ||    17
         Call Canine Famil |       |     1 |     2 ||     3
    Use: Potion            |       |     1 |     6 ||     7
         Scroll            |       |       |     2 ||     2
   Stab: Sleeping          |     1 |       |       ||     1
 Armour: Skin              |     6 |     2 |     2 ||    10
  Dodge: Dodged            |    53 |    38 |    28 ||   119

Table legend: (Time is in decaauts)
 A = Elapsed time spent in this place.
 B = Non-inter-level travel time spent in this place.
 C = Inter-level travel time spent in this place.
 D = Time resting spent in this place.
 E = Time spent auto-exploring this place.
 F = Levels seen in this place.
 G = Mean time per level.
                   A        B        C        D        E       F      G
               +--------+--------+--------+--------+--------+-----+--------+
         Total |   4864 |   4703 |    161 |    745 |   3093 |   7 |  694.9 |
       Dungeon |   4461 |   4308 |    153 |    618 |   2967 |   5 |  892.2 |
        Temple |     29 |     21 |      8 |      0 |      0 |   1 |   29.0 |
       Ossuary |    373 |    373 |      0 |    127 |    126 |   1 |  373.0 |
               +--------+--------+--------+--------+--------+-----+--------+

Top non-repeatable levels by time:
     D:1: 1515 daAuts
     D:4: 1313 daAuts
     D:3: 886 daAuts
     D:2: 518 daAuts
 Ossuary: 373 daAuts
     D:5: 227 daAuts
  Temple: 29 daAuts
